 Dungeon Crawl Stone Soup version 0.25-a0-667-gb977e01cb5 (webtiles) character file.

Game seed: 14334765138776829595, levelgen mode: deterministic

51 sanka the Scratcher (level 3, 16/16 HPs)
             Began as a Felid Wanderer on Mar 27, 2020.
             Quit the game on level 2 of the Dungeon.
             The game lasted 00:05:12 (4150 turns).

sanka the Scratcher (Felid Wanderer)                Turns: 4150, Time: 00:05:12

Health: 16/16      AC:  1    Str:  9    XL:     3   Next: 57%
Magic:  6/6        EV: 16    Int: 12    God:
Gold:   119        SH:  0    Dex: 16    Spells: 2/2 levels left
                                        Lives:  0   Deaths: 1

rFire    . . .     SeeInvis +     - Unarmed
rCold    . . .     Gourm    .   (shield unavailable)
rNeg     . . .     Faith    .   (armour unavailable)
rPois    .         Spirit   .   (helmet unavailable)
rElec    .         Reflect  .   (cloak unavailable)
rCorr    .         Harm     .   (gloves unavailable)
MR       .....                  (boots unavailable)
Stlth    ++........             (no amulet)
HPRegen  0.05/turn              (no ring)
MPRegen  0.10/turn              (no ring)

@: quick
A: very small, no armour, no weapons or thrown items, stealth, claws 1, fangs 3,
see invisible, carnivore, speed 1, shaggy fur 1, slow metabolism 1, sharp paws
a: no special abilities


You were on level 2 of the Dungeon.
You were not hungry.

You visited 1 branch of the dungeon, and saw 2 of its levels.

You collected 119 gold pieces.


Innate Abilities, Weirdness & Mutations

You cannot wear armour.
You are incapable of wielding weapons or throwing items.
Your paws allow you to move quietly. (Stealth)
You have sharp claws.
You have razor-sharp teeth.
You have supernaturally acute eyesight. (SInv)
You are carnivorous and can eat meat at any time.
You cover ground quickly.
You are covered in fur. (AC +1)
You have a slow metabolism.
Your sharp claws are effective at attacking unaware monsters.


   Skills:
 - Level 2.0 Fighting
 - Level 1.3 Dodging
 - Level 1.3 Stealth
 + Level 5.6 Unarmed Combat
 + Level 3.1 Evocations


You had 2 spell levels left.
You didn't know any spells.
Your spell library was empty.

Inventory:

Wands
 a - a wand of paralysis (15)
Scrolls
 f - 5 scrolls of identify {unknown}
 g - 2 scrolls of teleportation {unknown}
 l - a scroll of remove curse {unknown}
Potions
 b - 2 potions of curing {@q1}
 c - a potion of lignification {!q}
 e - a potion of brilliance {unknown}
 i - a potion of might {unknown}
 j - a potion of heal wounds {unknown}
 k - a potion of degeneration {unknown}
Comestibles
 d - 2 rations

Dungeon Overview and Level Annotations

Branches:
Dungeon (2/15)

Altars:
Hepliaklqana

▒....▒ ▒▒.▒.▒ ▒▒▒....▒
▒▒..▒.▒ ▒.▒▒..▒▒ ▒▒..▒▒
▒ ▒..▒▒.▒ ▒▒..▒▒ ▒.▒▒.▒
▒.g▒▒ ▒..▒.▒▒▒▒g▒▒▒▒▒..
▒......▒▒........
▒▒▒▒▒▒...............
▒.....h.....▒▒▒......
▒.....>...▒.....▒▒▒..
▒.........▒▒.)▒▒▒ ...
▒.........▒▒..▒ .▒ .
▒..........£.▒▒ ..▒..
▒.........▒▒..▒ ▒.....
▒.........▒▒▒.▒▒...▒.▒.
▒.........▒ ▒.▒).▒...▒.
▒.........▒ ▒...▒ ▒..▒.


There were no monsters in sight!


Message History

There is a stone staircase leading up here.
Unknown command.
Unknown command.
The gnoll misses you.
You scratch the gnoll.
The gnoll is heavily wounded.
You scratch the gnoll.
The gnoll is heavily wounded.
The gnoll misses you.
You scratch the gnoll but do no damage.
The gnoll is heavily wounded.
The gnoll misses you. The dart slug launches a dart at you.
The slug dart hits you.
You closely miss the gnoll.
The gnoll is heavily wounded.
The gnoll hits you with a +0 spear!
Ouch! That really hurt!
* * * LOW HITPOINT WARNING * * *
You scratch the gnoll.
The gnoll is severely wounded.
The gnoll hits you but does no damage.
You scratch the gnoll but do no damage.
The gnoll is severely wounded.
The gnoll hits you with a +0 spear!
You die...
You are now level 3!
You rejoin the land of the living...
Unknown command.
Are you sure you want to abandon this character and quit the game? (Confirm with "yes".)

Action                   |  1- 3 |  4- 6 || total
-------------------------+-------+-------++-------
Melee: Unarmed           |   116 |    43 ||   159
       Bite              |     3 |     3 ||     6
       Punch             |     5 |       ||     5
  Use: Potion            |     1 |       ||     1
 Stab: Sleeping          |     1 |     1 ||     2
  Eat: Chunk             |    10 |     2 ||    12
Armor: Skin              |     3 |     3 ||     6
Dodge: Dodged            |    88 |    17 ||   105

Levels and vault maps discovered:
D:1:      mainiacjoe_arrival_reflecting_pool, layout_basic,
          corexii_item_surrounded_by_moat, minmay_misc_feat_rows,
          minmay_close_crescents
D:2:      layout_rooms, overflow_temple_1_default, uniq_crazy_yiuf_cottage

Notes
Turn   | Place    | Note
-------+----------+-------------------------------------------
     0 | D:1      | sanka the Felid Wanderer began the quest for the Orb.
     0 | D:1      | sanka set off with the following items: a wand of paralysis
                  | (15), a potion of curing {@q1}, a potion of lignification
                  | {!q}, a ration
     0 | D:1      | Reached XP level 1. HP: 9/9 MP: 3/3
   590 | D:1      | Reached XP level 2. HP: 10/13 MP: 4/4
  1237 | D:1      | Reached skill level 5 in Unarmed Combat
  1264 | D:1      | Reached XP level 3. HP: 6/16 MP: 5/5
  2573 | D:2      | Reached XP level 4. HP: 11/19 MP: 6/6
  3067 | D:2      | Found a hazy altar of Hepliaklqana.
  3764 | D:1      | Reached skill level 3 in Evocations
  4149 | D:2      | Slain by a gnoll
  4150 | D:2      | Reached XP level 3. HP: -3/16 MP: 6/6
  4150 | D:2      | Quit the game

Vanquished Creatures
  2 gnolls
  2 adders (D:1)
  An ooze (D:2)
  4 dart slugs
  A leopard gecko (D:2)
  6 goblins
  6 hobgoblins
  11 jackals
  6 kobolds
  A quokka (D:1)
  A ball python (D:2)
  A bat (D:1)
  4 frilled lizards (D:1)
  11 rats
57 creatures vanquished.
